 Dungeon Crawl Stone Soup version 0.31-a0-1529-g7bd419a0e5 (webtiles) character file.

Game seed: 11605996665957666143

20816 experimilk the Grappler (level 12, -5/126 HPs)
             Began as a Troll Gladiator on Dec 31, 2023.
             Was an Elder of Fedhas.
             Slain by a cane toad (19 damage)
             ... on level 2 of the Lair of Beasts.
             The game lasted 00:33:59 (13504 turns).

experimilk the Grappler (Troll Gladiator)          Turns: 13504, Time: 00:34:00

Health: -5/126     AC: 13    Str: 35    XL:     12   Next: 48%
Magic:  15/18      EV: 10    Int:  4    God:    Fedhas [****..]
Gold:   269        SH:  0    Dex: 11    Spells: 11/11 levels left

rFire   . .          .
                       - Unarmed
rCold   . . .        (no shield)
rNeg    . . .        K - +0 acid dragon scales
rPois   .            b - +0 hat
rElec   .            r - +0 cloak
rCorr   +            (gloves unavailable)
SInv    .            (boots unavailable)
Will    .....        B - amulet of regeneration
Stlth   +            d - +6 ring of strength
HPRegen 2.01/turn    o - +4 ring of protection
MPRegen 0.16/turn

%: no passive effects
@: lethally poisoned (-5 -> -6), about to teleport
A: large, unfitting armour, claws 3, regeneration 1, shaggy fur 1, tough skin 1
a: Renounce Religion, Wall of Briars, Grow Ballistomycete, Overgrow


You were on level 2 of the Lair of Beasts.
You worshipped Fedhas.
Fedhas was greatly pleased with you.
You visited 2 branches of the dungeon, and saw 12 of its levels.

You collected 619 gold pieces.
You spent 350 gold pieces at shops.

Inventory:

Missiles
 a - 17 poisoned darts (quivered)
 q - 4 throwing nets
 s - a curare-tipped dart
 z - a large rock
Armour
 b - a +0 hat (worn)
 j - a +0 robe
 r - a +0 cloak (worn)
 K - +0 acid dragon scales (worn)
Jewellery
 d - a +6 ring of strength (left claw)
 o - a +4 ring of protection (right claw)
 B - an amulet of regeneration (around neck)
 I - a ring of magical power
Wands
 D - a wand of mindburst (8)
 G - a wand of quicksilver (7)
 J - a wand of paralysis (3)
 L - a wand of flame (6)
Scrolls
 e - a scroll of amnesia {unknown}
 g - 5 scrolls of teleportation
 i - a scroll of torment
 k - a scroll of poison {unknown}
 n - 2 scrolls of enchant weapon
 v - a scroll of revelation {unknown}
 w - a scroll of enchant armour {unknown}
 x - a scroll of identify
 y - a scroll of brand weapon {unknown}
 A - a scroll of vulnerability {unknown}
 C - a scroll of butterflies {unknown}
 F - a scroll of fog {unknown}
 H - a scroll of noise {unknown}
Potions
 c - 4 potions of mutation
 f - a potion of ambrosia
 l - a potion of heal wounds
 m - a potion of might {unknown}
 p - 3 potions of haste
 t - 2 potions of invisibility {unknown}
 u - 5 potions of curing
 E - a potion of magic {unknown}


   Skills:
 * Level 9.8 Fighting
 - Level 10.0 Throwing
 - Level 2.4 Dodging
 - Level 10.0 Unarmed Combat
 - Level 10.0 Invocations


You had 11 spell levels left.
You didn't know any spells.
Your spell library contained the following spells:

 Spells                   Type           Power      Damage    Failure   Level
 Magic Dart               Conj           0%         1d3       54%         1
 Shock                    Conj/Air       0%         1d3       54%         1
 Fugue of the Fallen      Necr           0%         N/A       89%         3
 Inner Flame              Hex/Fire       0%         N/A       89%         3
 Ozocubu's Armour         Ice            0%         N/A       89%         3
 Swiftness                Air            0%         N/A       89%         3
 Tukima's Dance           Hex            0%         N/A       89%         3
 Volatile Blastmotes      Fire/Tloc      0%         2d10      89%         3
 Airstrike                Air            0%         2d(0-16)  100%        4
 Dimensional Bullseye     Hex/Tloc       0%         N/A       100%        4
 Fulminant Prism          Conj/Alch      0%         3d5       100%        4
 Ignite Poison            Fire/Alch      0%         N/A       100%        4
 Iskenderun's Mystic Bla  Conj/Tloc      0%         2d3       100%        4
 Manifold Assault         Tloc           0%         N/A       100%        4
 Sticky Flame             Fire/Alch      0%         2d4       100%        4
 Vhi's Electric Charge    Tloc/Air       0%         N/A       100%        4
 Arcjolt                  Conj/Air       0%         1d10      100%        5
 Borgnjor's Vile Clutch   Necr/Erth      0%         N/A       100%        5
 Irradiate                Conj/Alch      0%         3d11      100%        5
 Ignition                 Fire           0%         3d3       100%        8
 Lehudib's Crystal Spear  Conj/Erth      0%         10d2      100%        8
 Maxwell's Capacitive Co  Air            0%         ∞         100%        8
 Chain Lightning          Conj/Air       0%         N/A       100%        9
 Fire Storm               Conj/Fire      0%         5d1       100%        9
 Shatter                  Erth           0%         3d5*      100%        9


Dungeon Overview and Level Annotations

Branches:
Dungeon (10/15)            Temple (0/1) D:6            Lair (2/5) D:8
  Snake (0/4) Lair:2          Orc (0/2) D:9
  Swamp: Lair:2-3    Shoals: Lair:2-3

Altars:
Ashenzari
Dithmenos
Fedhas
Gozag
Qazlal
Sif Muna
Trog
Wu Jian
Yredelemnul
The Shining One

Shops:
D:10 !

Annotations:
D:4 3 runed translucent doors, SecretSquirrel's ghost, novice GrFi


Innate Abilities, Weirdness & Mutations

You are too large for most types of armour.
You have claws for hands.
Your natural rate of healing is unusually fast.
You are covered in fur. (AC +1)
You have tough skin. (AC +1)


Message History

The yak gores your briar patch but does no damage.
You feel much better.
You feel very sick.
The blink frog hits you but does no damage.
The cane toad closely misses you. The wolf bites you.
The yak is struck by your briar patch's thorns.
The yak gores your briar patch.
Your briar patch is destroyed!
Your briar patch disappears in a puff of smoke!
The yak gores your burning bush!
Unknown command.
Unknown command.
Unknown command.
As you read the scroll of teleportation, it crumbles to dust.
You feel strangely unstable.
You feel very sick.
The blink frog seems to regain its courage.
The wolf bites you. The cane toad closely misses you.
The blink frog hits you but does no damage.
The wolf bites you.
* * * LOW HITPOINT WARNING * * *
The yak gores your burning bush!
Unknown command.
You completely miss the cane toad.
You feel sick.
A bullfrog comes into view.
The cane toad stings you!
* * * LOW HITPOINT WARNING * * *
The wolf barely misses you. The blink frog closely misses you.
The blink frog hits you but does no damage.
Your burning bush throws fire at the six-headed hydra.
The puff of flame hits the six-headed hydra!!
A yak comes into view.
You feel sick.
The six-headed hydra seems less confused.
The blink frog blinks!
The wolf bites you.
* * * LOW HITPOINT WARNING * * *
The cane toad attacks as it pursues you!
The cane toad stings you!!
You die...
Fedhas appreciates your contribution to the ecosystem.

#........h###.. #..
....####..# #.# #^
#..#######.# .
##..##..##..## .##
#.hY..D......##..#
#.†F##..#.#.##..P##
##....†FP.)........
.##....hFF.l.§...###
......††@Y.#.......#
#.......PYFYY.P...#..
#..####PPP#....##....
#.. #######...#..#.
#.. ##.......##..## #
##)..†..### .##
##..)#.#.# #
##...))P).#
##...#.#.#.#


You could see a six-headed hydra (distracted, ally target), 5 yaks, a cane toad,
a basilisk, 3 blink frogs, 2 wolves, a bullfrog and 3 friendly burning bushes.

Vanquished Creatures
  A two-headed ogre (D:8)
  2 boulder beetles
  An ugly thing (D:10)
  A manticore (D:10)
  Joseph (Lair:1)
  A black mamba (Lair:1)
  5 cane toads (Lair:1)
  An unseen horror (D:10)
  Maggie (D:6)
  An efreet (D:10)
  4 komodo dragons
  A polar bear (Lair:1)
  Grinder (D:5)
  Prince Ribbit (D:6)
  5 blink frogs
  A shadow (D:10)
  2 wraiths (D:8)
  3 wyverns
  15 yaks
  A basilisk (Lair:1)
  A steam dragon (D:8)
  A vampire mosquito (D:10)
  5 nagas (Lair:2)
  A two-headed ogre zombie (D:9)
  3 acid dragons (D:10)
  4 water moccasins
  3 ice beasts
  5 orc warriors
  A sky beast (D:8)
  2 black bears (Lair:1)
  3 ogres
  8 wolves (Lair:2)
  5 centaurs
  A phantom (D:5)
  3 kobold brigands
  A weeping skull (D:6)
  5 bullfrogs
  A gnoll sergeant (D:9)
  3 scorpions
  11 wights
  A troll zombie (D:9)
  11 killer bees
  6 howler monkeys
  6 hounds
  3 jellies
  10 orc priests
  Jessica (D:2)
  Terence (D:2)
  2 iguanas
  16 orc wizards
  6 ogre zombies (D:9)
  16 gnolls
  17 adders
  2 white imps
  2 ufetubi (D:7)
  3 dart slugs
  6 ribbon worms
  35 orcs
  4 ball pythons
  7 endoplasms
  7 giant cockroaches
  2 gnoll zombies (D:9)
  7 goblins
  4 hobgoblins (D:3)
  3 jackals (D:3)
  21 kobolds
  A quokka (D:1)
  5 bats
  3 frilled lizards
  5 gnoll skeletons (D:9)
  2 orc skeletons (D:9)
  16 orc zombies (D:9)
  8 rats
  A spectral orc (D:6)
356 creatures vanquished.

Vanquished Creatures (collateral kills)
  A komodo dragon (Lair:2)
  A blink frog (Lair:2)
  3 yaks
  4 nagas (Lair:2)
  5 wolves (Lair:2)
  13 ballistomycete spores
27 creatures vanquished.

Vanquished Creatures (others)
  A hound (D:4)
  A gnoll (D:7)
  4 ballistomycete spores
6 creatures vanquished.

Grand Total: 389 creatures vanquished

Notes
Turn   | Place    | Note
-------+----------+-------------------------------------------
     0 | D:1      | experimilk the Troll Gladiator began the quest for the Orb.
     0 | D:1      | Reached XP level 1. HP: 19/19 MP: 0/0
   163 | D:1      | Reached XP level 2. HP: 27/27 MP: 1/1
   632 | D:2      | Reached XP level 3. HP: 28/33 MP: 2/2
   691 | D:2      | Noticed Jessica
   697 | D:2      | Killed Jessica
   698 | D:2      | Reached skill level 5 in Unarmed Combat
   698 | D:2      | Reached XP level 4. HP: 30/41 MP: 3/3
   719 | D:2      | Noticed Terence
   731 | D:2      | Killed Terence
  1334 | D:3      | Reached XP level 5. HP: 48/48 MP: 4/4
  1520 | D:3      | Found a broken altar of Ashenzari.
  1600 | D:3      | Found a shadowy altar of Dithmenos.
  1795 | D:3      | Reached XP level 6. HP: 51/55 MP: 5/5
  2773 | D:4      | Found a blossoming altar of Fedhas.
  2795 | D:4      | Became a worshipper of Fedhas Madash
  2908 | D:4      | Reached XP level 7. HP: 60/62 MP: 6/6
  3183 | D:4      | Found a runed translucent gate.
  3183 | D:4      | Found a runed translucent gate.
  3185 | D:4      | Found a runed translucent gate.
  3186 | D:4      | Noticed SecretSquirrel's ghost (novice GrFi)
  3403 | D:5      | Entered Level 5 of the Dungeon
  3442 | D:5      | Got the Writings on the Wyrd and the Xenolith
  3452 | D:5      | Noticed Grinder
  3464 | D:5      | Paralysed by Grinder for 4 turns
  3473 | D:5      | Paralysed by Grinder for 2 turns
  3477 | D:5      | Killed Grinder
  3478 | D:5      | Reached XP level 8. HP: 70/70 MP: 7/7
  3553 | D:5      | Reached * piety under Fedhas
  3554 | D:5      | Reached skill level 10 in Unarmed Combat
  3686 | D:5      | You fall into a shaft and drop 1 floor!
  3985 | D:6      | Reached skill level 5 in Throwing
  4174 | D:6      | Noticed Prince Ribbit
  4191 | D:6      | Killed Prince Ribbit
  4233 | D:6      | Reached XP level 9. HP: 76/76 MP: 8/8
  4233 | D:6      | Noticed Maggie
  4266 | D:6      | Killed Maggie
  4276 | D:6      | Reached ** piety under Fedhas
  4579 | D:6      | Found a basalt altar of Yredelemnul.
  4735 | D:6      | Noticed a moth of wrath
  4751 | D:6      | Found a bloodstained altar of Trog.
  4898 | D:6      | Found a staircase to the Ecumenical Temple.
  5028 | D:7      | Reached skill level 1 in Invocations
  5101 | D:7      | Found an opulent altar of Gozag.
  5662 | D:8      | Noticed a two-headed ogre
  5669 | D:8      | Killed a two-headed ogre
  5670 | D:8      | Reached XP level 10. HP: 81/85 MP: 7/11
  5931 | D:8      | Found a staircase to the Lair.
  6468 | D:8      | Reached *** piety under Fedhas
  6816 | D:8      | Reached skill level 10 in Throwing
  7212 | D:8      | Reached skill level 5 in Invocations
  7585 | D:8      | Found a shimmering blue altar of Sif Muna.
  7635 | D:8      | Got Sif Muna's Folio of Blasts
  9024 | D:8      | Reached **** piety under Fedhas
  9165 | D:9      | Found a stormy altar of Qazlal.
  9296 | D:9      | Found a staircase to the Orcish Mines.
  9362 | D:9      | Found an ornate altar of the Wu Jian Council.
  9446 | D:9      | Reached XP level 11. HP: 63/92 MP: 16/16
 10086 | D:10     | Entered Level 10 of the Dungeon
 10160 | D:10     | Found Udaak's Distillery.
 10168 | D:10     | Bought a potion of heal wounds for 70 gold pieces
 10168 | D:10     | Bought 2 potions of curing for 84 gold pieces
 10168 | D:10     | Bought a potion of curing for 42 gold pieces
 10168 | D:10     | Bought a potion of curing for 42 gold pieces
 10168 | D:10     | Bought a potion of ambrosia for 112 gold pieces
 10326 | D:10     | Found a glowing golden altar of the Shining One.
 10472 | D:10     | Noticed a cyan ugly thing
 10489 | D:10     | Killed a cyan ugly thing
 10490 | D:10     | Reached skill level 10 in Invocations
 10845 | D:10     | Reached ***** piety under Fedhas
 11344 | D:10     | Noticed a boulder beetle
 11369 | D:10     | Killed a boulder beetle
 11706 | Lair:1   | Entered Level 1 of the Lair of Beasts
 11984 | Lair:1   | Noticed Joseph
 11999 | Lair:1   | Killed Joseph
 12000 | Lair:1   | Reached skill level 5 in Fighting
 12285 | Lair:1   | Reached XP level 12. HP: 105/118 MP: 13/18
 12340 | Lair:1   | Noticed a boulder beetle
 12351 | Lair:1   | Killed a boulder beetle
 13188 | Lair:1   | You fall into a shaft and drop 1 floor!
 13188 | Lair:2   | Found a staircase to the Snake Pit.
 13441 | Lair:2   | Identified the +6 flail of the Crawling Thing {vamp, *Rage
                  | rElec rN++ Str+2}
 13495 | Lair:2   | Noticed a six-headed hydra
 13504 | Lair:2   | Slain by a cane toad

Illustrated notes

Levels and vault maps discovered:
D:1:      beargit_arrival_diablo_church, layout_basic,
          chequers_serial_rivers_room_a
D:2:      layout_loops_cross, minmay_pentomino_pile, uniq_jessica, uniq_terence
D:3:      kennysheep_six_static_rooms, layout_basic,
          mainiacjoe_overflow_boulevard, mainiacjoe_overflow_tiny_flanked
D:4:      layout_loops_ring, fedhas_altar_3, gammafunk_ghost_nasty_kobolds
D:5:      layout_basic, uniq_grinder
D:6:      layout_basic, tgw_trog, yredelemnul_forgotten_temple_becter,
          minmay_temple_entry_statues_pillars, minivault_25,
          uniq_prince_ribbit1, uniq_maggie
D:7:      layout_rooms, kennysheep_mini_moat, serial_glass, glass_columns_a,
          glass_columns_a, glass_columns_a, glass_columns_a, glass_columns_a,
          minmay_strange_pillars, minmay_strange_pillars,
          minmay_strange_pillars, feat_on_display
D:8:      layout_basic, led_sif_book, david_lair_shrubbed
D:9:      layout_irregular_city, nicolae_qazlal_scattered_showers,
          pdpol_wu_jian_five_deadly_venoms, zombieorc2_lemuel, st_stairs_10,
          wad_floor_pattern_untrapped
D:10:     minmay_chambers_of_sevens, layout_long_grid, tso_oasis_becter,
          serial_shops, shop
Lair:1:   layout_cave_shapes, pdpol_lair_cavern_descent, grunt_megastairs_5,
          uniq_joseph
Lair:2:   layout_loops_ring, minmay_snake_entry_guardpost_large, serial_forest,
          infiniplex_forest_clump_long, infiniplex_forest_lined_2,
          infiniplex_forest_lined_ring, infiniplex_forest_straight_2,
          infiniplex_forest_end_double, infiniplex_forest_straight_5,
          kennysheep_abandoned_house

Skill      XL: |  1  2  3  4  5  6  7  8  9 10 11 12 |
---------------+-------------------------------------+-----
Unarmed Combat | 4 5 6 8 9 10 | 10.0
Throwing       | 6 9 10 | 10.0
Invocations    | 3 8 10 | 10.0
Fighting       | 7 9 |  9.8
Dodging        | |  2.4

Action                     |  1- 3 |  4- 6 |  7- 9 | 10-12 || total
---------------------------+-------+-------+-------+-------++-------
  Melee: Unarmed           |    50 |   148 |   158 |   478 ||   834
         Punch             |     1 |     3 |    10 |    21 ||    35
  Throw: Dart              |       |    14 |     8 |    81 ||   103
         Boomerang         |       |     6 |    38 |    30 ||    74
         Large rock        |       |     3 |     7 |     6 ||    16
         Throwing net      |       |       |     4 |       ||     4
 Invoke: Wall of Briars    |       |       |     1 |     4 ||     5
         Grow Ballistomyce |       |       |       |     6 ||     6
         Grow Oklob        |       |       |       |     2 ||     2
         Overgrow          |       |       |       |     1 ||     1
  Evoke: Wand              |       |       |       |    10 ||    10
    Use: Scroll            |       |     2 |     2 |     7 ||    11
         Potion            |       |     1 |       |     6 ||     7
   Stab: Distracted        |     1 |       |       |       ||     1
         Sleeping          |       |     2 |       |       ||     2
 Armour: Robe              |    25 |    93 |    96 |   400 ||   614
         Acid dragon scale |       |       |       |   157 ||   157
  Dodge: Dodged            |    16 |    73 |    55 |   312 ||   456

Table legend: (Time is in decaauts)
 A = Elapsed time spent in this place.
 B = Non-inter-level travel time spent in this place.
 C = Inter-level travel time spent in this place.
 D = Time resting spent in this place.
 E = Time spent auto-exploring this place.
 F = Levels seen in this place.
 G = Mean time per level.
                   A        B        C        D        E       F      G
               +--------+--------+--------+--------+--------+-----+--------+
         Total |  13362 |  12824 |    538 |   5252 |   5199 |  12 | 1113.5 |
       Dungeon |  11834 |  11296 |    538 |   4364 |   4881 |  10 | 1183.4 |
          Lair |   1527 |   1527 |      0 |    888 |    318 |   2 |  763.5 |
               +--------+--------+--------+--------+--------+-----+--------+

Top non-repeatable levels by time:
     D:8: 3643 daAuts
     D:4: 1360 daAuts
    D:10: 1345 daAuts
     D:9: 1255 daAuts
  Lair:1: 1223 daAuts
     D:6: 1055 daAuts
     D:3: 770 daAuts
     D:7: 685 daAuts
     D:2: 652 daAuts
     D:1: 582 daAuts
     D:5: 485 daAuts
  Lair:2: 304 daAuts
